 Dungeon Crawl Stone Soup version 0.23.2-40-g277498a001 (webtiles) character file.

Game seed: 1374992298921680818

299 DildoBatman the Conjurer (level 6, -1/41 HPs)
             Began as a Formicid Wizard on Oct 4, 2019.
             Slain by an adder (5 damage)
             ... in a sewer.
             The game lasted 00:11:17 (3525 turns).

DildoBatman the Conjurer (Formicid Wizard)          Turns: 3525, Time: 00:11:17

Health: -1/41      AC:  4    Str: 11    XL:     6   Next: 63%
Magic:  1/10       EV: 19    Int: 20    God:
Gold:   83         SH:  0    Dex: 14    Spells: 4/11 levels left

rFire    . . .     SeeInvis +   a - +3 dagger
rCold    . . .     Gourm    .   (no shield)
rNeg     . . .     Faith    .   h - +0 robe
rPois    .         Spirit   .   (helmet unavailable)
rElec    .         Reflect  .   d - +0 cloak
rCorr    .         Harm     .   (no gloves)
MR       +....                  f - +0 pair of boots
Stlth    +++.......             (no amulet)
HPRegen  0.13/turn              u - +2 ring of evasion
MPRegen  0.12/turn              l - ring of protection from magic

@: agile, lethally poisoned (-1 -> -4)
A: permanent stasis, dig shafts and tunnels, four strong arms, antennae 3
a: Dig, Shaft Self


You were in a sewer.
You were not hungry.

You visited 1 branch of the dungeon, and saw 6 of its levels.
You also visited: Sewer.

You collected 83 gold pieces.

Inventory:

Hand Weapons
 a - a +3 dagger (weapon)
 b - a +0 trident
 G - a +0 blowgun
Missiles
 n - 83 stones (quivered)
 r - 8 tomahawks
 s - 24 poisoned needles
 t - 50 bolts
 D - 21 sling bullets
 F - 34 arrows
 H - 4 exploding tomahawks
Armour
 d - a +0 cloak (worn)
 f - a +0 pair of boots (worn)
 h - a +0 robe (worn)
Jewellery
 l - a ring of protection from magic (right hand)
 u - a +2 ring of evasion (left hand)
 y - an uncursed ring of protection from magic
Scrolls
 e - 2 scrolls of teleportation {unknown}
 g - a scroll of identify {unknown}
 o - 3 scrolls of fear {unknown}
 p - a scroll of amnesia {unknown}
 q - a scroll of enchant weapon {unknown}
 x - 4 scrolls of remove curse
 A - 2 scrolls of random uselessness {unknown}
 B - a scroll of noise {unknown}
Potions
 c - 2 potions of berserk rage {unknown}
 j - a potion of lignification {unknown}
 k - a potion of heal wounds {unknown}
 w - a potion of brilliance
 z - a potion of mutation {unknown}
 C - a potion of might {unknown}
 E - a potion of cancellation {unknown}
 I - a potion of resistance
Comestibles
 v - 4 rations


   Skills:
 - Level 1.7 Dodging
 - Level 2.4 Stealth
 - Level 3.2 Spellcasting
 * Level 5.7 Conjurations
   Level 1.0 Summonings
   Level 0.8 Translocations


You had 4 spell levels left.
You knew the following spells:

 Your Spells              Type           Power        Failure   Level  Hunger
a - Conjure Flame         Conj/Fire      ##......     13%         3    ###....
c - Magic Dart            Conj           ####         1%          1    None
e - Mephitic Cloud        Conj/Pois/Air  ##......     19%         3    ###....

Your spell library contained the following spells:

 Spells                   Type           Power        Failure   Level  Hunger
 Call Imp                 Summ           #.......     14%         2    ##.....
 Slow                     Hex            #.......     22%         2    ##.....
 Blink                    Tloc           Unusable     N/A         2    N/A

Dungeon Overview and Level Annotations

Branches:
Dungeon (6/15)
 Temple: D:4-7

Altars:
Elyvilon
Nemelex Xobeh
Qazlal
Ru
Vehumet
Wu Jian
Zin
The Shining One

Annotations:
D:3 exclusion: ogre, Blork the orc
D:4 exclusions: 2 sensed monsters (detected), slave and 1 more exclusion, Dowan


Innate Abilities, Weirdness & Mutations

You cannot be hasted, slowed, berserked, paralysed or teleported.
You can dig through walls and to a lower floor.
Your four strong arms can wield two-handed weapons with a shield.
You have a pair of large antennae on your head. (SInv)


Message History

Press: ? - help, Shift-Dir - straight line, f/p - adder
Aim: an adder (heavily wounded)
The magic dart hits the adder.
The adder is severely wounded.
The adder bites you.
You are poisoned.
The adder poisons you!
Casting: Magic Dart (safe; 1% risk of failure)
Confirm with . or Enter, or press ? or * to list all spells.
Aiming: Magic Dart (safe; 1% risk of failure)
Press: ? - help, Shift-Dir - straight line, f/p - adder
Aim: an adder (severely wounded)
The magic dart hits the adder but does no damage.
The adder is severely wounded.
You feel sick. The adder bites you.
You feel agile all of a sudden.
You feel sick. The adder bites you.
You die...

##≈†.## ##...## ##≈##
##≈## #≈# #≈# #≈# #≈#
##≈## ##≈## . ##..≈##
##...##
.≈..####.≈...#####≈≈)∩≈##
≈...≈≈≈S≈...≈≈≈≈≈≈≈.∩..≈≈
≈...####@.≈.≈#####.†≈..##
. ##.≈.## ##(≈.## ##≈## {
##≈## #≈# { #≈# #≈≈{ #≈#
#≈## { #≈# #≈# #≈# ≈≈ .≈.
..!


You could see an adder.

Vanquished Creatures
  3 hounds (D:3)
  An orc wizard (D:3)
  A centaur skeleton (D:5)
  A worker ant (D:4)
  A hound skeleton (D:4)
  3 adders
  4 oozes
  5 worms
  A dart slug (D:1)
  A leopard gecko (D:1)
  6 orcs
  2 bats (D:3)
  2 giant cockroaches (D:5)
  6 goblins
  7 hobgoblins
  6 kobolds
  2 quokkas
  2 ball pythons
  A frilled lizard (D:1)
  11 rats
66 creatures vanquished.

Vanquished Creatures (others)
  2 fungi (D:4)
  A plant (D:4)
3 creatures vanquished.

Grand Total: 69 creatures vanquished

Notes
Turn   | Place    | Note
-------+----------+-------------------------------------------
     0 | D:1      | DildoBatman the Formicid Wizard began the quest for the
                  | Orb.
     0 | D:1      | Reached XP level 1. HP: 13/13 MP: 4/4
     1 | D:1      | Reached skill level 1 in Conjurations
   196 | D:1      | Reached XP level 2. HP: 19/19 MP: 0/6
   394 | D:1      | Reached skill level 2 in Conjurations
   635 | D:1      | Reached XP level 3. HP: 22/24 MP: 1/7
   649 | D:1      | Learned a level 3 spell: Conjure Flame
   653 | D:1      | Learned a level 3 spell: Mephitic Cloud
  1026 | D:2      | Found a stormy altar of Qazlal.
  1125 | D:2      | Reached skill level 3 in Conjurations
  1308 | D:2      | Reached XP level 4. HP: 26/30 MP: 3/8
  1487 | D:2      | Found a sacrificial altar of Ru.
  1719 | D:3      | Found a radiant altar of Vehumet.
  1722 | D:3      | Found an ornate altar of the Wu Jian Council.
  2067 | D:3      | Found a glowing silver altar of Zin.
  2067 | D:3      | Found a white marble altar of Elyvilon.
  2068 | D:3      | Found a glowing golden altar of the Shining One.
  2368 | D:4      | Noticed a slave
  2406 | D:3      | Reached skill level 4 in Conjurations
  2406 | D:3      | Reached XP level 5. HP: 27/35 MP: 4/9
  2765 | D:4      | Reached XP level 6. HP: 41/41 MP: 4/10
  2782 | D:4      | Reached skill level 5 in Conjurations
  2783 | D:4      | Noticed Blork the orc
  2794 | D:4      | Noticed an ogre
  3283 | D:4      | Noticed Dowan
  3283 | D:4      | Noticed a slave
  3283 | D:4      | Noticed a slave
  3303 | D:5      | Entered Level 5 of the Dungeon
  3373 | D:5      | Found a sparkling altar of Nemelex Xobeh.
  3407 | D:5      | Found a glowing drain.
  3426 | Sewer    | Entered a sewer
  3525 | Sewer    | Slain by an adder

Skill      XL: |  1  2  3  4  5  6 |
---------------+-------------------+-----
Conjurations   | 1 2 3 4 5 |  5.7
Dodging        | |  1.7
Stealth        | |  2.4
Spellcasting   | |  3.2
Summonings     | |  1.0
Translocations | |  0.8

Action                   |  1- 3 |  4- 6 || total
-------------------------+-------+-------++-------
Melee: Club              |     2 |       ||     2
       Mace              |    37 |    12 ||    49
       Dagger            |       |    55 ||    55
       Trident           |       |     3 ||     3
 Cast: Magic Dart        |    50 |    59 ||   109
       Conjure Flame     |     1 |     3 ||     4
       Mephitic Cloud    |       |     7 ||     7
 Abil: Dig               |       |     5 ||     5
  Use: Scroll            |       |     3 ||     3
       Potion            |       |     3 ||     3
 Stab: Distracted        |     1 |       ||     1
       Confused          |       |     3 ||     3
  Eat: Chunk             |     1 |    10 ||    11
Armor: Robe              |     7 |    18 ||    25
Dodge: Dodged            |    23 |    74 ||    97
